 Dungeon Crawl Stone Soup version 0.29.1-12-g30fa7ad0bf (webtiles) character file.

Game seed: 13933982933019476642

17759 RapScallion the Cleaver (level 12, -3/110 HPs)
             Began as a Hill Orc Fighter on Jan 15, 2023.
             Was an Elder of Makhleb.
             Slain by a boulder beetle (64 damage)
             ... on level 11 of the Dungeon.
             The game lasted 01:11:57 (16918 turns).

RapScallion the Cleaver (Hill Orc Fighter)         Turns: 16918, Time: 01:11:58

Health: -3/110     AC: 15    Str: 24    XL:     12   Next: 51%
Magic:  12/12      EV: 10    Int: 14    God:    Makhleb [****..]
Gold:   672        SH:  5    Dex: 10    Spells: 11/11 levels left

rFire   . . .      SeeInvis .   N - +6 hand axe of Sity {venom, Fragile Fly rCorr Int+6}
rCold   + . .      Faith    .   c - +0 buckler
rNeg    . . .      Spirit   .   z - +5 ring mail {rC+}
rPois   .          Reflect  .   J - +0 helmet
rElec   .          Harm     +   (no cloak)
rCorr   +          Rampage  .   G - +0 pair of gloves "Woinuss" {Harm}
Will    +....                   (no boots)
Stlth   ..........              (no amulet)
HPRegen 0.28/turn               q - ring of willpower
MPRegen 0.13/turn               y - ring of flight

@: flying, studying Armour
A: no striking features
a: Renounce Religion, Minor Destruction, Lesser Servant of Makhleb, Major
Destruction


You were on level 11 of the Dungeon.
You worshipped Makhleb.
Makhleb was greatly pleased with you.
You visited 1 branch of the dungeon, and saw 11 of its levels.
You also visited: Bailey.

You collected 726 gold pieces.
You spent 54 gold pieces at shops.

Inventory:

Hand Weapons
 a - a +1 war axe
 l - the +7 Throatcutter {drain, coup de grace}
   (You found it on level 9 of the Dungeon)

   A truly terrible weapon, it drains the life of any living foe it strikes.
   It may instantly kill foes which have little health.
 v - a +6 flail of protection
 x - a +2 whip of flaming
 N - the +6 hand axe of Sity (weapon) {venom, Fragile Fly rCorr Int+6}
   (You found it on level 8 of the Dungeon)

   It poisons the flesh of those it strikes.
   Int:       It affects your intelligence (+6).
   Fly:       It grants you flight.
   rCorr:     It protects you from acid and corrosion.
   Fragile:   It will be destroyed if unequipped.
Missiles
 f - 11 boomerangs
 m - 33 poisoned darts (quivered)
 P - a throwing net
Armour
 c - a +0 buckler (worn)
 z - a +5 ring mail of cold resistance (worn)
 E - a +1 troll leather armour
 G - the +0 pair of gloves "Woinuss" (worn) {Harm}
   (You acquired it on level 11 of the Dungeon)

   Harm:      It increases damage dealt and taken.
 J - a +0 helmet (worn)
 L - +0 steam dragon scales
Jewellery
 o - a ring of resist corrosion
 q - a ring of willpower (left hand)
 y - a ring of flight (right hand)
Wands
 j - a wand of quicksilver (6)
 r - a wand of flame (60)
 u - a wand of polymorph (19)
 M - a wand of roots (16)
Scrolls
 h - 2 scrolls of immolation
 n - 9 scrolls of teleportation
 s - a scroll of poison
 t - 2 scrolls of fog
 w - a scroll of blinking
 A - 2 scrolls of summoning
 C - 2 scrolls of enchant armour
 F - 2 scrolls of magic mapping
 I - a scroll of identify
 O - 4 scrolls of amnesia
Potions
 b - 3 potions of berserk rage
 d - 2 potions of might
 e - a potion of invisibility
 g - 4 potions of lignification
 i - 7 potions of curing
 k - 3 potions of magic
 p - a potion of heal wounds
 D - 2 potions of ambrosia
 H - a potion of flight
 K - 2 potions of brilliance
 Q - a potion of haste


   Skills:
 + Level 11.4 Fighting
 + Level 14.9(16.3) Axes
 - Level 9.4(12.3) Maces & Flails
 - Level 0.7(8.1) Polearms
 * Level 12.0 Armour
 + Level 7.8 Shields


You had 11 spell levels left.
You didn't know any spells.
Your spell library contained the following spells:

 Spells                   Type           Power      Damage    Failure   Level
 Beastly Appendage        Tmut           0%         N/A       45%         1
 Freeze                   Ice            0%         1d3       45%         1
 Slow                     Hex            0%         N/A       45%         1
 Wereblood                Tmut           0%         N/A       58%         2
 Call Canine Familiar     Summ           0%         N/A       83%         3
 Confusing Touch          Hex            0%         N/A       83%         3
 Conjure Flame            Conj/Fire      0%         6-21      83%         3
 Dazzling Flash           Conj/Hex       0%         N/A       83%         3
 Frozen Ramparts          Ice            0%         1d1       83%         3
 Ignite Poison            Fire/Tmut/Pois 0%         N/A       83%         3
 Ozocubu's Armour         Ice            0%         N/A       83%         3
 Portal Projectile        Hex/Tloc       0%         N/A       83%         3
 Spider Form              Tmut/Pois      0%         N/A       83%         3
 Vampiric Draining        Necr           0%         2d6       83%         3
 Hailstorm                Conj/Ice       0%         3d3       99%         4
 Leda's Liquefaction      Hex/Erth       0%         N/A       99%         4
 Sticky Flame             Conj/Fire      0%         2d3       99%         4
 Agony                    Necr           0%         N/A       100%        5
 Silence                  Hex/Air        0%         N/A       100%        5
 Ozocubu's Refrigeration  Ice            0%         4d7       100%        7


Dungeon Overview and Level Annotations

Branches:
Dungeon (11/15)            Temple (0/1) D:7            Lair (0/5) D:9
    Orc (0/2) D:11         Bailey (visited)

Altars:
Dithmenos
Elyvilon
Makhleb
Nemelex Xobeh
Qazlal
The Shining One
Beogh

Shops:
D:2 (*(*   D:5 **![   D:10 [

Annotations:
D:11 4 runed translucent doors, Urug


Message History

You kill the acid dragon!
Makhleb accepts your kill.
You hit the acid dragon but do no damage.
The acid dragon is poisoned.
The acid dragon closely misses you. The acid dragon barely misses you.
Your Armour skill increases to level 12!
You hit the acid dragon.
The acid dragon is moderately wounded.
The acid dragon closely misses you. The acid dragon claws you.
You slash the acid dragon!
The acid dragon is almost dead.
You hit the acid dragon but do no damage.
The acid dragon is almost dead.
The acid dragon bites you. The acid dragon closely misses you.
You hit the acid dragon.
The acid dragon is almost dead.
You block the acid dragon's attack. x2
You barely miss the acid dragon.
The acid dragon is almost dead.
You completely miss the acid dragon.
The acid dragon is almost dead.
The acid dragon bites you. The acid dragon claws you.
You kill the acid dragon!
Makhleb accepts your kill.
You start resting.
You are no longer corroded.
Things that are here:
3 large rocks; a cyclops corpse A boulder beetle comes into view.
Things that are here:
3 large rocks; a cyclops corpse
There is an open door, spattered with blood here.
As you read the scroll of fog, it crumbles to dust.
The scroll dissolves into smoke.
The boulder beetle curls into a ball and begins rolling!
You slash the boulder beetle!
The boulder beetle is lightly wounded.
The boulder beetle hits you!!!
Ouch! That really hurt!
You die...

.. ..... ..# ..... #.##
##..## #.....# ....
#..##..## ....
##..###..### ....#
#....###§§§## ...###
#....§@B§§§§## #.##.
##..######§§§.### ##....
#..##.B.B##§#...###.....
#..# ##.#.###...#.#...
##..# #.(#........#....
### #...#
#.#.'.##++##...... ....
##...#
#######8.u8##..^.. ....#
#..÷.## #8....8#.....
.....##.....#
#}....$#.....


You could see a boulder beetle (rolling).

Vanquished Creatures
  Josephine (D:11)
  5 two-headed ogres
  3 death yaks
  Pikel (D:5)
  A manticore (D:9)
  A cyclops (D:11)
  A komodo dragon (D:11)
  3 kobold demonologists
  2 trolls
  22 yaks
  5 wraiths
  2 vampires
  4 wyverns
  Eustachio (D:4)
  4 steam dragons
  A warg (D:10)
  2 acid dragons (D:11)
  Duvessa (D:6)
  5 orc warriors
  2 ice beasts
  A black bear (D:5)
  An ogre (D:6)
  2 centaurs (D:10)
  2 lemures (D:5)
  3 phantoms
  8 kobold brigands
  2 gnoll sergeants (D:8)
  Blork the orc (D:6)
  2 bullfrogs
  A necrophage (D:5)
  A scorpion (D:7)
  10 wights
  Dowan (D:6)
  4 howler monkeys
  An electric eel (D:6)
  3 hounds
  4 jellies
  8 orc priests
  An iguana (D:4)
  Jessica (D:3)
  Ijyb (D:4)
  7 orc wizards
  3 hell rats (D:9)
  13 gnolls
  2 adders
  2 shadow imps
  2 white imps
  2 ufetubi
  3 worms (D:3)
  2 dart slugs
  46 orcs
  6 endoplasms
  5 giant cockroaches
  9 goblins
  8 hobgoblins
  7 jackals
  18 kobolds
  4 quokkas
  13 ball pythons
  2 bats
  4 frilled lizards
  6 rats
  A bush (D:10)
290 creatures vanquished.

Vanquished Creatures (others)
  An orc wizard (D:7)
  3 toadstools (D:8)
4 creatures vanquished.

Grand Total: 294 creatures vanquished

Notes
Turn   | Place    | Note
-------+----------+-------------------------------------------
     0 | D:1      | RapScallion the Hill Orc Fighter began the quest for the
                  | Orb.
     0 | D:1      | Reached XP level 1. HP: 19/19 MP: 1/1
   327 | D:1      | Reached XP level 2. HP: 27/27 MP: 2/2
   329 | D:1      | Reached skill level 3 in Axes
   734 | D:1      | Reached XP level 3. HP: 33/33 MP: 3/3
  1237 | D:2      | Found Erhuzak's Assorted Antiques.
  1419 | D:2      | Found Solehoi Gokh's General Store.
  1457 | D:2      | Found Keumi's Weapon Boutique.
  1542 | D:2      | Found Vafetec's Weapon Boutique.
  2290 | D:3      | Reached skill level 4 in Axes
  2290 | D:3      | Reached XP level 4. HP: 39/40 MP: 4/4
  2381 | D:3      | Noticed a phantom
  2398 | D:3      | Killed a phantom
  2399 | D:3      | Reached skill level 5 in Axes
  2399 | D:3      | Reached XP level 5. HP: 40/47 MP: 5/5
  2985 | D:3      | Found a roughly hewn altar of Beogh.
  2985 | D:3      | Found the +7 staff of the Meek {protect, meekguard}
  3061 | D:3      | Reached XP level 6. HP: 53/53 MP: 6/6
  3081 | D:3      | Noticed Jessica
  3091 | D:3      | Reached skill level 6 in Axes
  3437 | D:3      | Found a glowing golden altar of the Shining One.
  3599 | D:3      | Killed Jessica
  4167 | D:4      | Noticed Eustachio
  4212 | D:4      | Killed Eustachio
  4213 | D:4      | Reached skill level 5 in Fighting
  4213 | D:4      | Reached skill level 7 in Axes
  4213 | D:4      | Reached XP level 7. HP: 33/61 MP: 7/7
  4387 | D:4      | Reached skill level 5 in Armour
  4458 | D:4      | Noticed Ijyb
  4478 | D:4      | Killed Ijyb
  4637 | D:4      | Found a burning altar of Makhleb.
  4673 | D:4      | Became a worshipper of Makhleb the Destroyer
  4786 | D:5      | Entered Level 5 of the Dungeon
  4800 | D:5      | Reached skill level 8 in Axes
  4975 | D:5      | Found Pasyaqun's Assorted Antiques.
  4986 | D:5      | Found Ahisiten's Assorted Antiques.
  4993 | D:5      | Reached XP level 8. HP: 29/70 MP: 8/8
  5252 | D:5      | Found Ysa Sonlu's Distillery.
  5519 | D:5      | Reached skill level 9 in Axes
  5644 | D:5      | Found Koj Ynwy's Armour Shoppe.
  5987 | D:5      | Noticed Pikel
  6015 | D:5      | Killed Pikel
  6016 | D:5      | Reached skill level 10 in Axes
  6016 | D:5      | Reached skill level 5 in Shields
  7185 | D:6      | Noticed Duvessa
  7199 | D:6      | Noticed Dowan
  7203 | D:6      | Reached * piety under Makhleb
  7250 | D:6      | Killed Duvessa
  7251 | D:6      | Reached XP level 9. HP: 55/79 MP: 9/9
  7255 | D:6      | Killed Dowan
  7256 | D:6      | Reached skill level 11 in Axes
  8119 | D:6      | Noticed Blork the orc
  8130 | D:6      | Killed Blork the orc
  8487 | D:6      | You are sucked into a shaft and drop 1 floor!
  8515 | D:7      | Reached skill level 12 in Axes
  8854 | D:7      | Found a staircase to the Ecumenical Temple.
  8917 | D:7      | Reached skill level 1 in Maces & Flails
  9733 | D:7      | Found a shadowy altar of Dithmenos.
 10074 | D:8      | Reached XP level 10. HP: 49/88 MP: 10/10
 10088 | D:8      | Reached skill level 5 in Maces & Flails
 10364 | D:8      | Found a flagged portal.
 10370 | D:8      | Reached ** piety under Makhleb
 10379 | Bailey   | Entered a bailey
 10767 | Bailey   | Found a bloodstained altar of Trog.
 10856 | D:8      | Noticed a two-headed ogre
 11009 | D:8      | Killed a two-headed ogre
 11645 | D:8      | Noticed a two-headed ogre
 11665 | D:8      | Killed a two-headed ogre
 11797 | D:8      | Identified the +6 hand axe of Sity {venom, Fragile Fly
                  | rCorr Int+6}
 12079 | D:8      | Reached XP level 11. HP: 84/97 MP: 11/11
 12153 | D:8      | Found a stormy altar of Qazlal.
 12449 | D:9      | Noticed a death yak
 12450 | D:9      | Found a staircase to the Lair.
 12450 | D:9      | Noticed a death yak
 12450 | D:9      | Noticed a death yak
 12467 | D:9      | Noticed a sixfirhy
 12498 | D:9      | Killed a death yak
 12789 | D:8      | Killed a death yak
 12793 | D:8      | Reached *** piety under Makhleb
 13528 | D:9      | Found the +7 Throatcutter {drain, coup de grace}
 13532 | D:9      | Noticed a two-headed ogre
 13547 | D:9      | Killed a two-headed ogre
 13548 | D:9      | Reached skill level 13 in Axes
 13681 | D:9      | Noticed a manticore
 13694 | D:9      | Killed a manticore
 14116 | D:10     | Entered Level 10 of the Dungeon
 14116 | D:10     | Noticed a two-headed ogre
 14124 | D:9      | Reached skill level 10 in Fighting
 14126 | D:9      | Killed a two-headed ogre
 14493 | D:9      | Identified 2 scrolls of acquirement
 14493 | D:9      | Acquired a manual of Armour
 14696 | D:9      | Killed a death yak
 14697 | D:9      | Reached skill level 14 in Axes
 14936 | D:10     | Found a sparkling altar of Nemelex Xobeh.
 15025 | D:10     | Found a white marble altar of Elyvilon.
 15125 | D:10     | Found Tuddeon's Armour Shoppe.
 15128 | D:10     | Noticed a two-headed ogre
 15145 | D:10     | Killed a two-headed ogre
 15194 | D:10     | Bought a +0 pair of gloves for 54 gold pieces
 15348 | D:10     | Reached XP level 12. HP: 33/107 MP: 12/12
 15732 | D:10     | Reached skill level 10 in Armour
 15974 | D:10     | Reached **** piety under Makhleb
 16019 | D:11     | Found a staircase to the Orcish Mines.
 16524 | D:11     | Noticed Josephine
 16607 | D:11     | Killed Josephine
 16762 | D:11     | Acquired the +0 pair of gloves "Woinuss" {Harm}
 16780 | D:11     | Found a large runed translucent door.
 16780 | D:11     | Found a large runed translucent door.
 16782 | D:11     | Noticed Urug
 16792 | D:11     | Found a large runed translucent door.
 16792 | D:11     | Found a large runed translucent door.
 16906 | D:11     | Noticed a boulder beetle
 16918 | D:11     | Slain by a boulder beetle

Illustrated notes

Levels and vault maps discovered:
D:1:      kennysheep_arrival_seaside, layout_loops_ring
D:2:      layout_basic, serial_shops, shop, nicolae_shop_bloodbath_and_beyond,
          shop, shop
D:3:      layout_loops_ring, tso_oasis_becter, pf_guarded_unrand_meek,
          uniq_jessica
D:4:      layout_rooms, mainiacjoe_overflow_concentric_impassable,
          minmay_surrounded, uniq_eustachio, uniq_ijyb
D:5:      layout_layer_cave, portal_sewer_entry_a, serial_shops,
          nicolae_shop_advertising_works [nicolae_subvault_shop_adworks],
          nicolae_shop_waterfront, nicolae_shop_overgrown_old_shop, shop,
          st_stairs_9, uniq_pikel
D:6:      layout_basic, lightli_minifort, uniq_duvessa, uniq_blork_the_orc
D:7:      layout_cave_pools, mainiacjoe_overflow_alcove_1,
          lemuel_temple_firewalk_a, kennysheep_another_room
D:8:      layout_gridville, nicolae_qazlal_eye_of_the_storm, enter_bailey_3,
          minmay_gold_behind_fungi, minmay_starry_boxes
D:9:      layout_rooms, dpeg_lair_monsters
D:10:     layout_roguey, nicolae_elyvilon_peaceful_grove, lemuel_tele_altar,
          serial_shops, nicolae_diamond_shop, nicolae_fountain_basement
D:11:     layout_cave_pods, erik_orc_4, minmay_hollow_rounded_squares,
          uniq_josephine, uniq_urug, uniq_nergalle

Skill      XL: |  1  2  3  4  5  6  7  8  9 10 11 12 |
---------------+-------------------------------------+-----
Axes           | 3 4 5 7 8 10 12 14 | 14.9
Fighting       | 4 5 7 8 9 10 11 | 11.4
Armour         | 4 5 6 7 9 12 | 12.0
Shields        | 4 5 6 7 |  7.8
Maces & Flails | 4 9 |  9.4
Polearms       | |  0.7

Action                   |  1- 3 |  4- 6 |  7- 9 | 10-12 || total
-------------------------+-------+-------+-------+-------++-------
Melee: War axe           |   119 |   127 |   226 |       ||   472
       Unarmed           |       |       |     1 |       ||     1
       Flail             |       |       |   108 |   121 ||   229
       Glaive            |       |       |     9 |       ||     9
       Hand axe          |       |       |       |   451 ||   451
  Use: Scroll            |     4 |     5 |    12 |     8 ||    29
       Potion            |       |       |     1 |     5 ||     6
Armor: Scale mail        |    41 |    60 |       |       ||   101
       Leather armour    |       |       |    54 |       ||    54
       Skin              |       |       |     6 |       ||     6
       Ring mail         |       |       |    51 |   223 ||   274
Dodge: Dodged            |    60 |    53 |   134 |   237 ||   484
Block: Buckler           |    30 |    27 |    63 |   121 ||   241
